 Dungeon Crawl Stone Soup version 0.19.0 (webtiles) character file.

59529 Jorund the Black Sun (level 14, -11/90 HPs)
             Began as an Octopode Necromancer on Nov 1, 2016.
             Was a High Priest of Kikubaaqudgha.
             Mangled by a two-headed ogre
             ... wielding a +0 giant spiked club
              (20 damage)
             ... on level 14 of the Dungeon.
             The game lasted 02:06:06 (24967 turns).

Jorund the Black Sun (Octopode Necromancer)        Turns: 24967, Time: 02:06:06

Health: -11/90     AC:  6    Str: 11    XL:     14   Next: 95%
Magic:  15/41      EV: 16    Int: 27    God:    Kikubaaqudgha [*****.]
Gold:   1587       SH:  6    Dex: 12    Spells: 9 memorised, 9 levels left

rFire  + . .     SeeInvis .     T - +7 rapier of Nefeiboh {venom, rN+ Str+2}
rCold  . . .     Gourm    .     d - +1 buckler {AC+3}
rNeg   + + +     Faith    .     (helmet restricted)
rPois  +         Spirit   .     e - amulet of the Four Winds {rN+ MR+++ Clar}
rElec  .         Reflect  .     h - ring of resist corrosion
rCorr  +         Harm     .     y - ring of flight
MR     ++++.     Clarity  +     z - ring of poison resistance
Stlth  ++++......               M - ring of protection from fire
                                S - +2 ring of protection
                                C - ring of magical power
                                D - ring of positive energy
                                L - +6 ring of intelligence

@: lethally poisoned (-11 -> -11), regenerating
A: almost no armour, stealthy swim, amphibious, 8 rings, constrict 8, camouflage
1, gelatinous body 1
a: Receive Corpses, Torment, Renounce Religion, Evoke Flight


You were on level 14 of the Dungeon.
You worshipped Kikubaaqudgha.
Kikubaaqudgha was extremely pleased with you.
You were hungry.

You visited 4 branches of the dungeon, and saw 23 of its levels.
You also visited: Labyrinth and Volcano.

You collected 1821 gold pieces.
You spent 234 gold pieces at shops.

Inventory:

Hand Weapons
 G - the +8 halberd of Ru's Condemnation {protect, MR+ Dex+3 SInv}
   (You took it off a minotaur in a labyrinth)

   It protects the one who uses it against injury (+AC on strike).
   It affects your dexterity (+3).
   It affects your resistance to hostile enchantments.
   It lets you see invisible.
 T - the +7 rapier of Nefeiboh (weapon) {venom, rN+ Str+2}
   (You found it on level 10 of the Dungeon)

   It poisons the flesh of those it strikes.
   It affects your strength (+2).
   It protects you from negative energy.
Armour
 d - a +1 buckler of protection (worn)
Jewellery
 e - the amulet of the Four Winds (around mantle) {rN+ MR+++ Clar}
   (You found it on level 8 of the Dungeon)

   [amulet of nothing]

   It protects you from negative energy.
   It affects your resistance to hostile enchantments.
   It protects you against confusion.
 h - a ring of resist corrosion (left tentacle)
 y - a ring of flight (right tentacle)
 z - a ring of poison resistance (on tentacle)
 C - a ring of magical power (on tentacle)
 D - a ring of positive energy (on tentacle)
 L - a +6 ring of intelligence (on tentacle)
 M - a ring of protection from fire (on tentacle)
 S - a +2 ring of protection (on tentacle)
 X - an uncursed ring of ice
Wands
 a - a wand of polymorph (10/24)
 g - a wand of disintegration (13/24)
 i - a wand of acid (11/15)
 s - a wand of paralysis (14/24)
 P - a wand of iceblast (6/15)
 W - a wand of iceblast (10/15)
Scrolls
 f - 3 scrolls of amnesia
 j - 4 scrolls of recharging
 k - 3 scrolls of fog
 l - 7 scrolls of remove curse
 p - 2 scrolls of magic mapping
 B - 2 scrolls of enchant weapon
 F - 2 scrolls of fear
 H - 3 scrolls of teleportation
 R - 2 scrolls of blinking
Potions
 c - 4 potions of haste
 n - 2 potions of might
 o - 2 potions of brilliance
 q - 3 potions of resistance
 r - 3 potions of agility
 u - a potion of flight
 E - 2 potions of berserk rage
 I - a potion of curing
 N - 2 potions of ambrosia
 Q - 2 potions of degeneration {unknown}
 V - a potion of invisibility {unknown}
 Z - 3 potions of cure mutation
Books
 v - a book of Debilitation

   Spells                             Type                      Level
   a - Corona                         Hexes                        1
   b - Slow                           Hexes                        2
   c - Gell's Gravitas                Hexes/Translocation          3
   d - Inner Flame                    Hexes/Fire                   3
   e - Cause Fear                     Hexes                        4
   f - Leda's Liquefaction            Hexes/Earth                  4
 w - a book of Clouds

   Spells                             Type                      Level
   a - Mephitic Cloud                 Conjuration/Poison/Air       3
   b - Conjure Flame                  Conjuration/Fire             3
   c - Poisonous Cloud                Conjuration/Poison/Air       6
   d - Freezing Cloud                 Conjuration/Ice/Air          6
   e - Ring of Flames                 Charms/Fire                  7
 J - a book of the Tempests

   Spells                             Type                      Level
   a - Static Discharge               Conjuration/Air              3
   b - Lightning Bolt                 Conjuration/Air              5
   c - Fireball                       Conjuration/Fire             5
   d - Tornado                        Air                          9
   e - Shatter                        Earth                        9
 K - a book of Battle

   Spells                             Type                      Level
   a - Infusion                       Charms                       1
   b - Shroud of Golubria             Charms/Translocation         2
   c - Song of Slaying                Charms                       2
   d - Spectral Weapon                Hexes/Charms                 3
   e - Regeneration                   Charms/Necromancy            3
 O - a book of Maledictions

   Spells                             Type                      Level
   a - Corona                         Hexes                        1
   b - Ensorcelled Hibernation        Hexes/Ice                    2
   c - Confuse                        Hexes                        3
   d - Tukima's Dance                 Hexes                        3
   e - Dazzling Spray                 Conjuration/Hexes            3
 U - a book of Cantrips

   Spells                             Type                      Level
   a - Confusing Touch                Hexes                        1
   b - Animate Skeleton               Necromancy                   1
   c - Summon Small Mammal            Summoning                    1
   d - Apportation                    Translocation                1
 Y - a book of Callings

   Spells                             Type                      Level
   a - Summon Small Mammal            Summoning                    1
   b - Call Imp                       Summoning                    2
   c - Call Canine Familiar           Summoning                    3
   d - Summon Guardian Golem          Hexes/Summoning              3
   e - Summon Lightning Spire         Summoning/Air                4
   f - Summon Ice Beast               Ice/Summoning                4
Comestibles
 b - 10 bread rations
 m - 2 chunks of flesh
 t - 9 meat rations
 A - 3 beef jerkies


   Skills:
 - Level 6.0 Fighting
 - Level 10.0 Short Blades
   Level 0.6 Crossbows
 + Level 6.1 Dodging
 - Level 5.4 Stealth
 - Level 5.0 Shields
 + Level 14.1 Spellcasting
 + Level 14.9 Necromancy


You had 9 spell levels left.
You knew the following spells:

 Your Spells              Type           Power        Failure   Level  Hunger
a - Pain                  Necr           ####         0%          1    None
b - Vampiric Draining     Necr           #######...   1%          3    None
c - Regeneration          Chrm/Necr      ######....   1%          3    None
d - Animate Dead          Necr           N/A          1%          4    None
e - Sublimation of Blood  Necr           #######...   0%          2    None
f - Dispel Undead         Necr           #######.     1%          5    #......
g - Cigotuvi's Embrace    Necr           #######...   1%          5    #......
h - Confuse               Hex            ###.....     10%         3    None
i - Death Channel         Necr           #######...   1%          6    ####...


Dungeon Overview and Level Annotations

Branches:
Dungeon (14/15)            Temple (1/1) D:6            Lair (6/6) D:10
 Spider (0/4) Lair:3        Slime (0/5) Lair:5          Orc (2/2) D:10
    Elf (0/3) Orc:2        Vaults (0/5) D:13
  Swamp: Lair:2-4    Shoals: Lair:2-4

Altars:
Cheibriados
Elyvilon
Kikubaaqudgha
Makhleb
Nemelex Xobeh
Okawaru
Qazlal
Ru
Sif Muna
Trog
Vehumet
Xom
Yredelemnul
Zin
The Shining One
Jiyva

Shops:
D:9 *   D:11 [

Annotations:
D:3 1 runed door
D:6 Duvessa
D:11 exclusion: orange crystal statue
D:14 exclusion: Roxanne, Roxanne, Rupert
Lair:2 1 exclusion
Orc:2 1 exclusion


Innate Abilities, Weirdness & Mutations

You cannot wear most types of armour.
You are very stealthy in the water. (Stealth+)
You are amphibious.
You can wear up to eight rings at the same time.
You can use your tentacles to constrict eight enemies at once.
Your skin changes colour to match your surroundings (Stealth+).
Your rubbery body absorbs attacks. (AC +1, EV +1)


Message History

The meliai is almost dead.
You feel life coursing into your body.
You feel sick. The meliai barely misses you. The meliai stings you!
* * * LOW HITPOINT WARNING * * *
The meliai invokes the aid of its god against you.
Something smites you!
* * * LOW HITPOINT WARNING * * *
Unknown command.
Casting: Vampiric Draining
Confirm with . or Enter, or press ? or * to list all spells.
Aiming: Vampiric Draining
Press: ? - help, Shift-Dir - straight line, f/p - meliai
Aim: a meliai, wielding a hand axe and wearing a robe (almost dead)
You kill the meliai!
Kikubaaqudgha accepts your kill.
You feel life coursing into your body.
You feel sick. You block the two-headed ogre's attack.
The two-headed ogre hits you with a giant club!!
You die...
Kikubaaqudgha rasps: "You have failed me!
Welcome... death!"

#.# #.######## #.........
.#######.........
.................
.....Z)).........
......).Z........
.######'#)O......
#..$.Zy#@.......
#......#.#########
#.....O#.#.......#
#......#.#.).)...#
#......#.#.......#
#......#.###'#####..
#......#............
+......#............
#......#...............8.


You could see a two-headed ogre and a friendly cyclops zombie.

Vanquished Creatures
  A minotaur (Lab)
  3 hydras
  A merfolk avatar (Lair:6)
  A tengu warrior (D:13)
  The ghost of Dioneo the Destroyer, a novice DrCj of Sif Muna (D:10)
  Nergalle (Lair:4)
  A lindwurm (Lair:6)
  8 hill giants
  An ugly thing (D:11)
  2 orc sorcerers
  A manticore (Lair:6)
  3 cyclopes
  A centaur zombie (D:8)
  6 elephants
  2 black mambas (Lair:4)
  Maurice (Orc:1)
  2 centaur skeletons
  A gargoyle (D:12)
  2 rime drakes
  8 komodo dragons
  8 spiny frogs
  2 yaktaurs
  A harpy zombie (D:12)
  A polar bear (Lair:2)
  A two-headed ogre (D:11)
  3 trolls
  3 meliai (D:14)
  20 blink frogs
  A hornet (Lair:6)
  8 hippogriffs
  8 dream sheep
  A redback (Lair:3)
  A shadow (D:12)
  35 yaks
  A spriggan (Lair:4)
  4 wraiths
  5 wyverns
  A basilisk (Lair:1)
  A hungry ghost (D:7)
  2 wargs (D:10)
  Edmund (D:5)
  A swamp worm (Lair:2)
  11 water moccasins
  5 porcupines
  5 sky beasts
  An eye of draining (D:11)
  8 orc warriors
  5 ice beasts
  4 phantoms
  2 black bears
  7 ogres
  2 necrophages
  A wolf (Lair:2)
  9 crocodiles
  9 centaurs
  5 big kobolds
  21 bullfrogs
  A gnoll sergeant (D:8)
  4 scorpions
  A wyvern skeleton (D:12)
  Dowan (D:6)
  3 killer bees (D:9)
  5 howler monkeys
  17 wights
  An electric eel (Lair:2)
  2 crimson imps
  5 bullfrog zombies
  10 hounds
  5 jellies
  2 bullfrog skeletons (D:11)
  11 orc priests
  Jessica (D:3)
  A gnoll shaman (D:6)
  10 iguanas
  Ijyb (D:3)
  20 orc wizards
  6 worker ants
  A killer bee zombie (D:5)
  A hound skeleton (D:6)
  Robin (D:2)
  8 gnolls
  15 adders
  2 shadow imps
  4 oozes
  2 adder zombies (D:5)
  4 worms
  2 dart slugs
  A leopard gecko (D:10)
  45 orcs
  14 bats
  8 giant cockroaches
  14 goblins
  6 hobgoblins
  8 jackals
  16 kobolds
  11 quokkas
  A ball python skeleton (D:4)
  5 frilled lizards
  2 quokka skeletons
  A quokka zombie (D:5)
  7 rats
537 creatures vanquished.

Vanquished Creatures (collateral kills)
  A dire elephant (Lair:6)
  A red draconian (Volcano)
  Snorg (D:13)
  Fannar (Lair:1)
  4 hydras
  A centaur warrior (Volcano)
  A tengu warrior (D:13)
  A sea snake (Lair:6)
  An ugly thing (D:11)
  5 elephants
  3 black mambas
  A torpor snail (Lair:6)
  4 spiny frogs
  2 rime drakes (Lair:6)
  3 komodo dragons
  2 yaktaurs (Volcano)
  3 hornets (Lair:6)
  6 polar bears (Lair:6)
  2 wind drakes (Lair:6)
  7 blink frogs
  Prince Ribbit (Lair:1)
  8 dream sheep (Lair:6)
  2 hippogriffs (Lair:6)
  A tarantella (shapeshifter) (D:13)
  A wraith (D:13)
  7 yaks
  2 spriggans (Lair:4)
  3 wyverns (Lair:6)
  A warg (Orc:1)
  2 water moccasins (Lair:1)
  An orc warrior (Orc:1)
  2 porcupines
  A black bear (Lair:4)
  An ogre (Orc:1)
  A centaur (Volcano)
  6 crocodiles
  2 bullfrogs
  An electric eel (Lair:6)
  An orc wizard (Orc:1)
  2 orcs
  A plant (Lair:4)
97 creatures vanquished.

Vanquished Creatures (others)
  A blink frog (Lair:6)
  2 centaurs (Volcano)
  16 fungi
  37 plants
56 creatures vanquished.

Grand Total: 690 creatures vanquished

Notes
Turn   | Place    | Note
-------+----------+-------------------------------------------
     0 | D:1      | Jorund the Octopode Necromancer began the quest for the Orb.
     0 | D:1      | Reached XP level 1. HP: 11/11 MP: 3/3
    48 | D:1      | Reached XP level 2. HP: 5/17 MP: 0/5
   956 | D:2      | Reached XP level 3. HP: 16/21 MP: 0/6
  1019 | D:2      | Noticed Robin
  1203 | D:2      | Killed Robin
  1203 | D:2      | Reached skill level 5 in Necromancy
  1406 | D:2      | Reached XP level 4. HP: 15/27 MP: 3/8
  1714 | D:2      | Found a faded altar of an unknown god.
  1882 | D:3      | Noticed Jessica
  1886 | D:3      | Killed Jessica
  1886 | D:3      | Reached XP level 5. HP: 29/31 MP: 5/10
  1897 | D:3      | Learned a level 3 spell: Vampiric Draining
  1901 | D:3      | Learned a level 3 spell: Regeneration
  2101 | D:3      | Noticed Ijyb
  2109 | D:3      | Killed Ijyb
  2344 | D:3      | Noticed an ogre
  2518 | D:3      | Found a glowing silver altar of Zin.
  2519 | D:3      | Found a white marble altar of Elyvilon.
  2519 | D:3      | Found a basalt altar of Yredelemnul.
  2594 | D:3      | Found a runed door.
  2695 | D:4      | Reached XP level 6. HP: 33/36 MP: 6/12
  2886 | D:4      | Noticed a sky beast
  3661 | D:4      | Reached XP level 7. HP: 36/41 MP: 7/14
  3665 | D:4      | Reached skill level 5 in Spellcasting
  4092 | D:5      | Entered Level 5 of the Dungeon
  4101 | D:5      | Learned a level 4 spell: Animate Dead
  4102 | D:5      | Noticed Edmund
  4508 | D:5      | Reached skill level 1 in Short Blades
  4611 | D:5      | Reached XP level 8. HP: 42/46 MP: 15/17
  4812 | D:5      | Killed Edmund
  4866 | D:5      | Reached skill level 1 in Shields
  5011 | D:6      | Found a staircase to the Ecumenical Temple.
  5011 | D:6      | Noticed Duvessa
  5011 | D:6      | Noticed Dowan
  5284 | D:6      | Found a snail-covered altar of Cheibriados.
  5452 | Temple   | Entered the Ecumenical Temple
  5460 | Temple   | Became a worshipper of Kikubaaqudgha
  5508 | D:6      | Killed Dowan
  5547 | D:6      | Reached XP level 9. HP: 49/51 MP: 17/19
  6302 | D:7      | Reached * piety under Kikubaaqudgha
  6302 | D:7      | Identified Kikubaaqudgha's Reference Book on Stolen Souls (Kikubaaqudgha gifted it to you on level 7 of the Dungeon)
  6302 | D:7      | Received a gift from Kikubaaqudgha
  6314 | D:7      | Learned a level 2 spell: Sublimation of Blood
  7759 | D:8      | Reached XP level 10. HP: 46/56 MP: 20/22
  8498 | D:9      | Reached ** piety under Kikubaaqudgha
  9004 | D:9      | Reached skill level 5 in Shields
  9102 | D:9      | Found Gysuw's Assorted Antiques.
  9109 | D:9      | Bought a scroll labeled KEEDAE FYKHEMA for 25 gold pieces
  9109 | D:9      | Bought a murky inky potion for 22 gold pieces
  9109 | D:9      | Bought a scroll of blinking for 187 gold pieces
  9142 | D:9      | Reached skill level 10 in Necromancy
  9360 | D:10     | Entered Level 10 of the Dungeon
  9360 | D:10     | Noticed a hill giant
  9430 | D:10     | Noticed Dioneo's ghost (novice DrCj)
  9901 | D:10     | Found a staircase to the Orcish Mines.
  9908 | D:10     | Got a crude rapier
 10014 | D:10     | Identified the +7 rapier of Nefeiboh {venom, rN+ Str+2} (You found it on level 10 of the Dungeon)
 10168 | D:10     | Reached skill level 10 in Spellcasting
 10589 | D:10     | Noticed a hill giant
 10655 | D:10     | Found a staircase to the Lair.
 11180 | D:10     | Reached XP level 11. HP: 60/60 MP: 25/25
 11298 | D:10     | Reached *** piety under Kikubaaqudgha
 11298 | D:10     | Identified Kikubaaqudgha's Incunabulum of Black Rituals (Kikubaaqudgha gifted it to you on level 10 of the Dungeon)
 11298 | D:10     | Received a gift from Kikubaaqudgha
 11551 | D:10     | Learned a level 5 spell: Dispel Undead
 11557 | D:10     | Learned a level 5 spell: Cigotuvi's Embrace
 11561 | D:10     | Learned a level 3 spell: Confuse
 11661 | D:10     | Killed Dioneo's ghost
 11704 | D:10     | Killed a hill giant
 11746 | D:10     | Killed a hill giant
 11746 | D:10     | Reached skill level 5 in Short Blades
 12056 | D:10     | Noticed a two-headed hydra
 12163 | D:10     | Killed a one-headed hydra
 12309 | Lair:1   | Entered Level 1 of the Lair of Beasts
 12352 | Lair:1   | Noticed Prince Ribbit
 12360 | Lair:1   | Killed Prince Ribbit
 12701 | Lair:1   | Noticed Fannar
 12715 | Lair:1   | Killed Fannar
 12793 | Lair:1   | Noticed a five-headed hydra
 12835 | Lair:1   | Killed a five-headed hydra
 12835 | Lair:1   | Reached skill level 1 in Fighting
 13038 | Lair:1   | Reached XP level 12. HP: 45/67 MP: 17/27
 13181 | Lair:2   | Noticed an eight-headed hydra
 13354 | Lair:2   | Reached **** piety under Kikubaaqudgha
 13622 | Lair:2   | Noticed a seven-headed hydra
 13633 | Lair:2   | Killed a seven-headed hydra
 13655 | Lair:2   | Killed an eight-headed hydra
 14315 | Lair:3   | Found a dark tunnel.
 14362 | Volcano  | Entered a volcano
 14378 | Volcano  | Noticed a centaur warrior
 14392 | Volcano  | Killed a centaur warrior
 14399 | Volcano  | Found a radiant altar of Vehumet.
 14404 | Volcano  | Noticed a red draconian
 14419 | Volcano  | Killed a red draconian
 14601 | Lair:3   | Found a sacrificial altar of Ru.
 14830 | Lair:3   | Found a hole to the Spider Nest.
 15740 | Lair:4   | Got an ancient great sword
 15746 | Lair:4   | Identified the +6 great sword of Cruel Justice {freeze, rF- rN+ Str+2} (You found it on level 4 of the Lair of Beasts)
 15809 | Lair:4   | Noticed Nergalle
 15834 | Lair:4   | Killed Nergalle
 16008 | Lair:4   | Learned a level 6 spell: Death Channel
 16153 | Lair:4   | Reached skill level 10 in Short Blades
 16608 | Lair:4   | Found a deep blue altar of Sif Muna.
 16680 | Lair:5   | Reached XP level 13. HP: 29/81 MP: 24/28
 17035 | Lair:5   | Found a staircase to the Slime Pits.
 17035 | Lair:5   | Found a viscous altar of Jiyva.
 17533 | Lair:6   | Entered Level 6 of the Lair of Beasts
 17653 | Lair:6   | Reached skill level 5 in Fighting
 18051 | Lair:6   | Reached ***** piety under Kikubaaqudgha
 18138 | Lair:6   | Found a shimmering altar of Xom.
 18186 | Lair:6   | Reached skill level 5 in Stealth
 18193 | Lair:6   | Reached skill level 5 in Dodging
 18311 | Lair:6   | Noticed a dire elephant
 18397 | Lair:6   | Killed a dire elephant
 18645 | Lair:6   | Paralysed by a hornet for 1 turns
 18738 | Lair:6   | Reached XP level 14. HP: 64/89 MP: 30/30
 19624 | D:11     | Found Duqaxeck's Armour Boutique.
 20867 | D:11     | Paralysed by a hornet for 3 turns
 21068 | Orc:1    | Entered Level 1 of the Orcish Mines
 21305 | Orc:2    | Entered Level 2 of the Orcish Mines
 21364 | Orc:2    | Found a staircase to the Elven Halls.
 21401 | Orc:2    | Noticed an orc warlord
 21423 | Orc:1    | Noticed Maurice
 21495 | Orc:1    | Killed Maurice
 23317 | D:13     | Found a labyrinth entrance.
 23322 | Lab      | Entered a labyrinth
 23717 | Lab      | Got an encrusted halberd {protect}
 23721 | Lab      | Got an ichor-stained shortbow
 23740 | Lab      | Identified the +7 shortbow "Raixku" {flame, Int+2} (You took it off a minotaur in a labyrinth)
 23741 | Lab      | Identified the +8 halberd of Ru's Condemnation {protect, MR+ Dex+3 SInv} (You took it off a minotaur in a labyrinth)
 23799 | Lab      | Got a fine broad axe
 24114 | D:13     | Noticed Snorg
 24147 | D:13     | Killed Snorg
 24311 | D:13     | Found a gate to the Vaults.
 24791 | D:13     | Identified the +7 broad axe "Rufy" {drain, Dex+5} (You found it in a labyrinth)
 24879 | D:14     | Noticed Rupert
 24896 | D:14     | Noticed Roxanne
 24967 | D:14     | Mangled by a two-headed ogre

Skill      XL: |  1  2  3  4  5  6  7  8  9 10 11 12 13 14 |
---------------+-------------------------------------------+-----
Necromancy     | 5 6 7 8 9 10 11 12 13 14 | 14.9
Spellcasting   | 3 4 6 7 8 10 11 12 14 | 14.1
Short Blades   | 1 2 3 4 6 10 | 10.0
Shields        | 2 4 5 |  5.0
Fighting       | 1 4 5 6 |  6.0
Dodging        | 4 5 6 |  6.1
Stealth        | 5 |  5.4
Crossbows      | |  0.6

Action                   |  1- 3 |  4- 6 |  7- 9 | 10-12 | 13-15 || total
-------------------------+-------+-------+-------+-------+-------++-------
Melee: Unarmed           |    10 |       |       |       |       ||    10
       Constrict         |     4 |    13 |    29 |    60 |    85 ||   191
       Tentacles         |     2 |     3 |    30 |    59 |   115 ||   209
       Dagger            |     2 |    37 |   186 |   146 |       ||   371
       Rapier            |       |       |       |   259 |   688 ||   947
 Fire: Blowgun           |       |     7 |       |       |       ||     7
       Hand crossbow     |       |       |    11 |     6 |       ||    17
 Cast: Pain              |    51 |    99 |   179 |   180 |    85 ||   594
       Vampiric Draining |       |     5 |    29 |    92 |   165 ||   291
       Regeneration      |       |       |    14 |    31 |    60 ||   105
       Animate Dead      |       |       |     4 |    29 |    49 ||    82
       Confuse           |       |       |       |     9 |     1 ||    10
       Dispel Undead     |       |       |       |     3 |     3 ||     6
       Sublimation of Bl |       |       |       |       |     4 ||     4
       Cigotuvi's Embrac |       |       |       |       |     5 ||     5
Invok: Receive Corpses   |       |       |       |    10 |    19 ||    29
Evoke: Wand              |       |       |     8 |    20 |     3 ||    31
  Use: Scroll            |     5 |     7 |     8 |     9 |    11 ||    40
       Potion            |     2 |       |     2 |     5 |     6 ||    15
 Stab: Sleeping          |       |     4 |     3 |    10 |    11 ||    28
       Paralysed         |       |       |     4 |     9 |       ||    13
       Distracted        |       |       |       |     3 |     5 ||     8
  Eat: Chunk             |     2 |    10 |    27 |    24 |    27 ||    90
       Pizza             |       |       |       |     2 |     1 ||     3
       Beef jerky        |       |       |       |     1 |     1 ||     2
       Bread ration      |       |       |       |       |     1 ||     1
       Royal jelly       |       |       |       |       |     1 ||     1
Armor: Skin              |     1 |     5 |    12 |    20 |    68 ||   106
Dodge: Dodged            |    20 |    36 |   117 |   193 |   326 ||   692
Block: Buckler           |       |       |     1 |   149 |   247 ||   397
